 Dungeon Crawl Stone Soup version 0.26-a0-478-g6c97825307 (webtiles) character file.

Game seed: 3533994627851393153

104 MrRokkomies the Sneak (level 4, -7/29 HPs)
             Began as an Octopode Brigand on Aug 1, 2020.
             Mangled by a centaur skeleton (8 damage)
             ... on level 3 of the Dungeon.
             The game lasted 00:05:13 (2625 turns).

MrRokkomies the Sneak (Octopode Brigand)            Turns: 2625, Time: 00:05:13

Health: -7/29      AC:  1    Str: 10    XL:     4   Next: 80%
Magic:  4/4        EV: 13    Int: 14    God:
Gold:   221        SH:  0    Dex: 13    Spells: 3/3 levels left

rFire    . . .     SeeInvis .   a - +2 dagger
rCold    . . .     Faith    .   (no shield)
rNeg     . . .     Spirit   .   (helmet restricted)
rPois    .         Reflect  .   (no amulet)
rElec    .         Harm     .   d - ring of protection from magic
rCorr    .                      (no ring)
MR       +....                  (no ring)
Stlth    ++++......             (no ring)
HPRegen  0.09/turn              (no ring)
MPRegen  0.09/turn              (no ring)
                                (no ring)
                                (no ring)

@: no status effects
A: almost no armour, stealthy swim, amphibious, 8 rings, constrict 8, camouflage
1, gelatinous body 1
a: no special abilities


You were on level 3 of the Dungeon.
You visited 1 branch of the dungeon, and saw 3 of its levels.

You collected 221 gold pieces.

Inventory:

Hand Weapons
 a - a +2 dagger (weapon)
 o - a cursed -2 scimitar
Missiles
 b - 20 poisoned darts (quivered)
 c - 2 curare-tipped darts
 i - 5 datura-tipped darts
Jewellery
 d - a ring of protection from magic (left tentacle)
 h - an uncursed ring of fire
 p - an uncursed ring of protection from cold {unknown}
Scrolls
 e - 3 scrolls of magic mapping {unknown}
 f - 3 scrolls of enchant armour {unknown}
 g - 2 scrolls of teleportation {unknown}
 k - 3 scrolls of identify {unknown}
 l - 2 scrolls of amnesia {unknown}
Potions
 j - a potion of invisibility {unknown}
 m - a potion of brilliance {unknown}
 n - a potion of heal wounds {unknown}


   Skills:
 - Level 2.0 Fighting
 * Level 3.2 Short Blades
 + Level 2.6 Throwing
 + Level 2.0 Dodging
 * Level 6.3 Stealth


You had 3 spell levels left.
You didn't know any spells.
Your spell library was empty.

Dungeon Overview and Level Annotations

Branches:
Dungeon (3/15)

Altars:


Innate Abilities, Weirdness & Mutations

You cannot wear most types of armour.
You are very stealthy in the water. (Stealth+)
You are amphibious.
You can wear up to eight rings at the same time.
You can use your tentacles to constrict eight enemies at once.
Your skin changes colour to match your surroundings (Stealth+).
Your rubbery body absorbs attacks. (AC +1, EV +1)


Message History

The centaur skeleton is severely damaged.
The centaur skeleton barely misses you.
You hit the centaur skeleton but do no damage.
The centaur skeleton is severely damaged.
The centaur skeleton barely misses you.
You hit the centaur skeleton.
The centaur skeleton is severely damaged.
The centaur skeleton hits you!
You hit the centaur skeleton.
The centaur skeleton is almost destroyed.
The centaur skeleton hits you!
* * * LOW HITPOINT WARNING * * *
The centaur skeleton hits you.
* * * LOW HITPOINT WARNING * * *
Okay, then.
Unknown command.
Okay, then.
Unknown command.
The centaur skeleton hits you!
You die...

#......##### #...†..'....
#......##### ####
#####.#....# ... #(#.##.#
###.## ##########.#.##.#
#.#....####...#.........#.#
#.........................#
#...##[...Z@.......(#.......
..........################.#
...######...#.......†...##.#
.........#.#########.##.#
#######..#.#.....†.#.##.#
#<.....#.#.......#.##.#
#.#####.##.#..######.#...
#..........#..# #.†..#.).
########.###..# #.####...


You could see a centaur skeleton.

Vanquished Creatures
  4 adders
  2 oozes
  2 worms (D:2)
  A dart slug (D:1)
  2 leopard geckos
  4 bats
  4 giant cockroaches
  10 hobgoblins
  8 kobolds
  A quokka (D:2)
  2 frilled lizards
  3 goblins
  10 rats
53 creatures vanquished.

Notes
Turn   | Place    | Note
-------+----------+-------------------------------------------
     0 | D:1      | MrRokkomies the Octopode Brigand began the quest for the
                  | Orb.
     0 | D:1      | Reached XP level 1. HP: 14/14 MP: 1/1
   174 | D:1      | Reached XP level 2. HP: 19/19 MP: 2/2
   955 | D:1      | Reached XP level 3. HP: 24/24 MP: 3/3
  1624 | D:2      | Reached skill level 6 in Stealth
  1637 | D:2      | Reached XP level 4. HP: 29/29 MP: 4/4
  2623 | D:3      | HP: 1/29 [centaur skeleton (1)]
  2625 | D:3      | Mangled by a centaur skeleton

Illustrated notes

Levels and vault maps discovered:
D:1:      dpeg_arrival_circle_labyrinth_b, layout_basic, chequers_arboretum
D:2:      layout_basic, grunt_ministairs_15
D:3:      minmay_general_purpose_star, layout_basic

Skill      XL: |  1  2  3  4 |
---------------+-------------+-----
Stealth        | 6 |  6.3
Short Blades   | 3 |  3.2
Dodging        | 2 |  2.0
Fighting       | |  2.0
Throwing       | |  2.6

Action                   |  1- 3 |  4- 6 || total
-------------------------+-------+-------++-------
Melee: Dagger            |    52 |    50 ||   102
       Constrict         |    12 |     8 ||    20
       Tentacles         |     5 |     8 ||    13
 Stab: Sleeping          |    18 |     9 ||    27
Armor: Skin              |     5 |       ||     5
Dodge: Dodged            |    16 |    17 ||    33

Table legend: (Time is in decaauts)
 A = Elapsed time spent in this place.
 B = Non-inter-level travel time spent in this place.
 C = Inter-level travel time spent in this place.
 D = Time resting spent in this place.
 E = Time spent auto-exploring this place.
 F = Levels seen in this place.
 G = Mean time per level.
                   A        B        C        D        E       F      G
               +--------+--------+--------+--------+--------+-----+--------+
         Total |   2609 |   2510 |     99 |    106 |   2042 |   3 |  869.7 |
       Dungeon |   2609 |   2510 |     99 |    106 |   2042 |   3 |  869.7 |
               +--------+--------+--------+--------+--------+-----+--------+

Top non-repeatable levels by time:
     D:1: 1294 daAuts
     D:2: 685 daAuts
     D:3: 630 daAuts
